Map: El Dorado

Players

SumProduct

  • Race: Zerg Zerg
  • League: Grandmaster
  • Spawn Location: 5:00

Moja - Winner!

  • Race: Terran Terran
  • League: Grandmaster
  • Spawn Location: 7:00

VOD

Have the link to the VOD?

Description

Time

  • Played on: April 9, 2025, 5:59 p.m.
  • Length: 8:46
Show
View Real Time Build Order
Export as new Build Order

SumProduct Zerg 

Build Orders: Hatch First 

Get SALT Encoding   

  12  0:02  Drone  
  13  0:08  Drone  
  14  0:15  Drone, Extractor  
  15  0:36  Hatchery  
  15  0:41  Drone, Extractor  
  15  0:48  Overlord  
  15  1:03  Spawning Pool  
  14  1:07  Drone  
  14  1:10  Drone  
  16  1:14  Drone  
  16  1:18  Drone  
  18  1:28  Drone  
  19  1:39  Drone  
  20  1:50  Queen x2  
  20  1:52  Drone  
  25  1:55  Drone  
  25  1:59  Drone  
  27  2:10  Drone  
  28  2:20  Hatchery  
  28  2:22  Drone  
  28  2:25  Overlord  
  28  2:34  Overlord  
  28  2:44  Overlord  
  28  2:51  Queen  
  28  2:52  Drone  
  28  2:53  Drone x4  
  35  3:02  Queen  
  35  3:04  Zergling x4  
  39  3:05  Zergling x2  
  39  3:07  Zergling x2  
  39  3:11  Zergling x2  
  42  3:13  Zergling x2  
  42  3:18  Zergling x2  
  44  3:33  Overlord x2  
  44  3:40  Hatchery  
  43  3:42  Overlord  
  43  3:46  Drone  
  43  3:47  Queen, Extractor x2  
  44  3:48  Extractor x2  
  44  3:53  Drone x6  
  44  3:55  Drone  
  47  4:05  Drone x3  
  47  4:06  Drone  
  47  4:08  Drone  
  52  4:14  Drone x3  
  52  4:17  Drone  
  56  4:21  Drone  
  57  4:27  Lair  
  57  4:34  Drone, Metabolic Boost  
  57  4:36  Drone  
  59  4:40  Drone x2  
  61  4:51  Drone x6  
  67  4:59  Baneling Nest  
  66  5:01  Overlord  
  66  5:02  Overlord  
  66  5:06  Drone x2  
  68  5:08  Drone  
  68  5:10  Drone  
  70  5:16  Overlord  
  70  5:17  Overlord  
  70  5:22  Drone  
  70  5:25  Spire  
  70  5:27  Drone x3  
  73  5:29  Drone  
  73  5:30  Drone  
  73  5:31  Drone  
  73  5:32  Drone  
  77  5:42  Zergling x2  
  75  5:44  Zergling x6  
  75  5:47  Baneling x4  
  78  5:54  Centrifugal Hooks  
  78  5:59  Hatchery  
  78  6:03  Overseer  
  77  6:04  Drone  
  77  6:05  Spore Crawler  
  77  6:08  Queen  
  77  6:09  Drone x3  
  79  6:13  Spore Crawler, Zergling x2  
  79  6:16  Drone x3  
  79  6:18  Drone x2  
  79  6:19  Drone x2  
  82  6:27  Drone x2  
  82  6:28  Evolution Chamber x2  
  82  6:37  Drone  
  83  6:40  Mutalisk x6  
  83  6:44  Mutalisk  
  83  6:45  Mutalisk  
  99  6:49  Zerg Flyer Weapons Level 1  
  99  6:55  Overlord x3  
  99  7:00  Extractor  
  99  7:01  Drone x3, Extractor  
  98  7:03  Drone x3  
  98  7:04  Drone x2  
  98  7:06  Drone  
  106  7:11  Drone, Overlord  
  107  7:22  Hatchery  
  106  7:33  Mutalisk x5  
  106  7:35  Overlord  
  106  7:36  Overlord  
  106  7:37  Drone x4  
  118  7:42  Drone x5  
  125  7:50  Baneling x10  
  125  7:52  Zergling x8  
  125  7:58  Zergling x10  
  126  8:01  Zergling x2  
  122  8:07  Zergling x2  
  119  8:16  Zergling x18  
  119  8:19  Baneling  
  123  8:20  Baneling x2  
Show
View Real Time Build Order
Export as new Build Order

Moja Terran - Winner!

Build Orders: Hellion Banshee 

Get SALT Encoding   

  12  0:00  SCV  
  13  0:12  SCV  
  14  0:18  Supply Depot  
  14  0:24  SCV  
  15  0:39  SCV  
  15  0:40  Barracks  
  16  0:50  Barracks  
  16  0:55  SCV  
  17  1:00  Refinery  
  17  1:07  SCV  
  18  1:19  SCV  
  19  1:27  Marine  
  19  1:31  Orbital Command  
  20  1:38  Marine  
  21  1:40  Supply Depot  
  21  1:48  Reaper  
  22  1:56  SCV  
  23  2:02  Reaper  
  24  2:09  SCV  
  25  2:17  Command Center  
  25  2:21  Reaper  
  26  2:26  SCV  
  27  2:41  SCV  
  28  2:52  Command Center  
  28  2:57  SCV  
  29  3:05  Factory  
  29  3:09  SCV  
  30  3:14  Barracks Reactor  
  30  3:26  SCV  
  31  3:29  Orbital Command  
  31  3:30  Refinery  
  31  3:41  SCV  
  32  3:43  Barracks Tech Lab  
  32  3:56  SCV x2  
  38  4:03  Starport, Hellion x2  
  38  4:05  Orbital Command  
  38  4:08  SCV x2  
  40  4:20  SCV  
  40  4:21  SCV  
  46  4:24  Hellion x2  
  46  4:31  SCV  
  46  4:33  SCV x2  
  46  4:36  Supply Depot  
  49  4:43  SCV  
  49  4:44  Cloaking Field, Banshee  
  49  4:45  SCV x2  
  55  4:46  Hellion x2  
  55  4:47  Barracks Tech Lab  
  55  4:48  Barracks Reactor  
  59  4:55  SCV  
  59  4:57  Supply Depot, SCV  
  59  4:58  SCV  
  62  5:02  Refinery  
  62  5:03  Refinery  
  62  5:09  SCV x2  
  62  5:12  SCV  
  62  5:14  Barracks  
  65  5:15  Engineering Bay  
  65  5:16  Engineering Bay  
  65  5:17  Stimpack  
  65  5:21  SCV x2  
  65  5:26  SCV  
  65  5:27  Banshee  
  71  5:29  Supply Depot  
  71  5:33  SCV  
  72  5:41  Orbital Command  
  72  5:42  SCV  
  72  5:44  Terran Infantry Weapons Level 1  
  72  5:45  Terran Infantry Armor Level 1  
  72  5:47  SCV  
  72  5:50  Barracks  
  72  5:51  Barracks  
  72  5:54  SCV  
  71  5:59  Marine x3  
  74  6:10  SCV  
  74  6:11  SCV  
  76  6:17  Marine x2  
  78  6:18  Marine  
  78  6:19  Marine  
  78  6:20  Siege Tank  
  78  6:21  SCV  
  78  6:22  Starport Reactor  
  78  6:25  Marine  
  85  6:26  Supply Depot, SCV  
  85  6:27  Supply Depot x2  
  86  6:34  SCV x2  
  86  6:38  SCV, Barracks  
  86  6:39  Barracks  
  89  6:42  Barracks  
  89  6:43  Marine, Barracks Reactor x2  
  89  6:44  Marine  
  92  6:49  Armory  
  92  6:50  SCV  
  92  6:52  Siege Tank, Marine x2  
  92  6:53  Marine  
  98  7:03  Marine x2  
  98  7:05  Combat Shield  
  98  7:07  Medivac x2  
  104  7:10  Marine  
  104  7:13  Marine x2  
  107  7:17  Supply Depot, SCV  
  107  7:20  Supply Depot x2, Marine x3  
  111  7:30  Marine x4  
  111  7:31  Marine x2  
  111  7:36  Supply Depot  
  117  7:38  Marine x6  
  117  7:41  Siege Tank  
  126  7:47  Marine  
  126  7:48  Marine  
  125  7:55  Marine  
  125  7:56  Marine x2  
  125  7:57  Medivac x2  
  128  7:59  Marine x4  
  128  8:02  Marine  
  128  8:03  Marine x2  
  128  8:05  Marine x2  
  137  8:13  Marine x2  
  137  8:14  Marine  
  137  8:16  Marine x3  
  137  8:18  Marine  
  147  8:20  Marine  
  147  8:24  Marine x2  
Tags
 
Composition
Hellion Banshee
Matchup
TvZ
Player
Moja
Replay Pack
Moja Replays
Spawn Locations
Close Positions
Add a new tag
Caveats
  • Supply blocks, unpowered buildings, or Contaminate may cause inaccurate times.
  • Supply counts are checked every 10 seconds.